 Dungeon Crawl Stone Soup version 0.18.1-50-g88ac8fd (webtiles) character file.

976 RTS the Cleaver (level 7, -2/67 HPs)
             Began as a Minotaur Berserker on Sept 27, 2016.
             Was a Priest of Trog.
             Slain by a gnoll
             ... wielding a +0 halberd
              (8 damage)
             ... on level 5 of the Dungeon.
             The game lasted 00:14:10 (4046 turns).

RTS the Cleaver (Minotaur Berserker)                Turns: 4046, Time: 00:14:10

Health: -2/67      AC:  5    Str: 23    XL:     7   Next: 95%
Magic:  0/6        EV:  7    Int:  4    God:    Trog [***...]
Gold:   102        SH:  0    Dex: 10    Spells: 0 memorised, 6 levels left

rFire  . . .     SeeInvis .     x - +0 war axe
rCold  . . .     Gourm    .     q - +0 ring mail
rNeg   . . .     Faith    .     (no shield)
rPois  .         Spirit   +     (helmet restricted)
rElec  .         Dismiss  .     (no cloak)
rCorr  .         Reflect  .     (no gloves)
SustAt .         Harm     .     (no boots)
MR     +....                    h - amulet of guardian spirit
Stlth  ..........               (no ring)
                                s - ring of protection from magic

@: lethally poisoned (-2 -> -2), exhausted, slowed, very slow, somewhat
resistant to hostile enchantments, extremely unstealthy
A: retaliatory headbutt, horns 2
a: Berserk, Trog's Hand, Burn Spellbooks, Renounce Religion


You were on level 5 of the Dungeon.
You worshipped Trog.
Trog was most pleased with you.
You were very hungry.

You visited 1 branch of the dungeon, and saw 5 of its levels.

You collected 154 gold pieces.
You spent 52 gold pieces at shops.

Inventory:

Hand Weapons
 x - a +0 war axe (weapon)
Armour
 b - a +0 animal skin
 q - a +0 ring mail (worn)
Jewellery
 h - an amulet of guardian spirit (around neck)
 s - a ring of protection from magic (left hand)
Wands
 f - a wand of flame (19/48)
Scrolls
 k - 2 scrolls of remove curse {unknown}
 n - 2 scrolls of noise {unknown}
 o - 3 scrolls of magic mapping {unknown}
 v - a scroll of random uselessness {unknown}
 w - 2 scrolls of teleportation {unknown}
Potions
 a - a potion of heal wounds
 e - 3 potions of might {unknown}
 g - 3 potions of curing {unknown}
 i - a potion of cancellation
 l - a potion of magic
 m - a potion of flight
 t - a potion of brilliance
 u - 2 potions of mutation {unknown}
Comestibles
 c - 4 bread rations
 d - 3 chunks of flesh


   Skills:
 + Level 7.6 Fighting
   Level 0.2 Short Blades
 * Level 8.3 Axes
 + Level 3.7 Armour
 - Level 3.6 Dodging


You had 6 spell levels left.
You didn't know any spells.

Dungeon Overview and Level Annotations

Branches:
Dungeon (5/15)             Temple (0/1) D:4

Altars:
Makhleb
Sif Muna

Shops:
D:4 *


Innate Abilities, Weirdness & Mutations

You reflexively headbutt those who attack you in melee.
You have a pair of horns on your head.


Message History

You hit the gnoll but do no damage.
The gnoll is moderately wounded.
You closely miss the hound.
You hit the gnoll shaman but do no damage.
The gnoll shaman is severely wounded.
The hound closely misses you. You furiously retaliate!
You headbutt the hound! The hound bites you but does no damage.
The gnoll hits you from afar with a halberd!
* * * LOW HITPOINT WARNING * * *
The gnoll misses you. The gnoll shaman hits you with a club!
* * * LOW HITPOINT WARNING * * *
The hound bites you.
* * * LOW HITPOINT WARNING * * *
You feel sick. The hound misses you.
There is a stone staircase leading down here.
The hound bites you.
The gnoll shaman hits you but does no damage.
The gnoll barely misses you.
The gnoll hits you from afar with a halberd!
You die...

#.#.####.≈≈≈≈≈≈≈≈..)
#...#...≈≈≈≈≈≈≈≈≈≈..
##..#..≈≈###≈≈###≈≈.
#..#..≈≈# #≈≈# +≈≈.
#..###≈≈#+#≈≈###≈≈.
#######..##.≈≈≈≈≈≈≈≈≈≈≈≈.
............≈≈≈≈≈≈≈≈≈≈≈≈.
.....###)###≈≈#+#≈≈###≈≈#
.....'†g@# #≈≈# ≈≈ #≈≈#
....##hg# ≈≈# #≈≈ .. #gg#
.≈≈ ≈≈# #.... ≈≈# #.####
##. #.# #. #.# #.# #.#


You could see a gnoll shaman, a hound and 3 gnolls.

Vanquished Creatures
  3 phantoms
  An ogre (D:4)
  Blork the orc (D:5)
  A giant frog (D:4)
  A scorpion (D:4)
  The ghost of Ginkk the Skirmisher, a weakling DsAK of Lugonu (D:4)
  A giant frog zombie (D:5)
  2 hounds
  A centaur skeleton (D:4)
  Jessica (D:2)
  An orc wizard (D:4)
  2 worker ants
  A worker ant zombie (D:5)
  2 gnolls (D:5)
  5 adders
  3 oozes
  3 worms
  4 dart slugs
  4 giant geckos
  3 orcs (D:4)
  6 bats
  8 giant cockroaches
  10 goblins
  3 hobgoblins
  7 jackals
  4 ball pythons
  A giant gecko skeleton (D:4)
  2 giant newts
  A jackal skeleton (D:4)
  11 kobolds
  7 rats
101 creatures vanquished.

Notes
Turn   | Place    | Note
--------------------------------------------------------------
     0 | D:1      | RTS the Minotaur Berserker began the quest for the Orb.
     0 | D:1      | Reached XP level 1. HP: 19/19 MP: 0/0
   322 | D:1      | Reached XP level 2. HP: 27/27 MP: 1/1
   438 | D:1      | Reached skill level 4 in Axes
   505 | D:1      | Reached ** piety under Trog
   522 | D:1      | Reached XP level 3. HP: 25/33 MP: 2/2
  1444 | D:2      | Found a burning altar of Makhleb.
  1444 | D:2      | Noticed a cacodemon
  1447 | D:2      | Noticed a neqoxec
  1447 | D:2      | Noticed a smoke demon
  1460 | D:2      | Noticed Jessica
  1467 | D:2      | Reached XP level 4. HP: 39/41 MP: 3/3
  1468 | D:2      | Killed Jessica
  1636 | D:2      | Reached *** piety under Trog
  2391 | D:3      | Reached XP level 5. HP: 47/47 MP: 4/4
  2543 | D:4      | Reached skill level 5 in Axes
  2623 | D:4      | Noticed Ginkk's ghost (weakling DsAK)
  2629 | D:4      | Killed Ginkk's ghost
  2629 | D:4      | Reached skill level 5 in Fighting
  2694 | D:4      | Reached XP level 6. HP: 9/57 MP: 5/5
  2861 | D:4      | Found a staircase to the Ecumenical Temple.
  2889 | D:4      | Reached skill level 6 in Axes
  3123 | D:4      | Reached XP level 7. HP: 64/64 MP: 6/6
  3284 | D:4      | Found a deep blue altar of Sif Muna.
  3386 | D:4      | Reached skill level 7 in Axes
  3585 | D:4      | Found Yfups's General Store.
  3593 | D:4      | Bought a scroll of identify for 26 gold pieces
  3593 | D:4      | Bought a scroll of identify for 26 gold pieces
  3678 | D:5      | Entered Level 5 of the Dungeon
  3897 | D:5      | Noticed Blork the orc
  4031 | D:5      | Killed Blork the orc
  4031 | D:5      | Reached skill level 8 in Axes
  4046 | D:5      | Slain by a gnoll

Skill      XL: |  1  2  3  4  5  6  7 |
---------------+----------------------+-----
Fighting       | 4 5 6 7 |  7.6
Axes           | 4 5 6 8 |  8.3
Dodging        | 3 |  3.6
Armour         | 3 |  3.7
Short Blades   | |  0.2

Action                   |  1- 3 |  4- 6 |  7- 9 || total
-------------------------+-------+-------+-------++-------
Melee: Hand axe          |    71 |       |       ||    71
       Headbutt          |    10 |    12 |    11 ||    33
       Dagger            |    20 |    42 |       ||    62
       War axe           |       |    35 |    64 ||    99
Invok: Berserk           |     2 |     5 |     1 ||     8
       Burn Spellbooks   |       |       |     1 ||     1
  Use: Scroll            |       |       |     7 ||     7
  Eat: Chunk             |     3 |     8 |     3 ||    14
       Beef jerky        |       |     1 |       ||     1
       Pizza             |       |     1 |       ||     1
Armor: Animal skin       |    22 |     8 |       ||    30
       Ring mail         |       |       |    21 ||    21
Dodge: Dodged            |    51 |    49 |    51 ||   151
